 Dungeon Crawl Stone Soup version 0.29-a0-275-g389c0b56f3 (webtiles) character file.

Game seed: 17201565096289881357

61 kae the Ruffian (level 3, -3/28 HPs)
             Began as a Draconian Transmuter on Mar 10, 2022.
             Slain by Natasha (7 damage)
             ... on level 2 of the Dungeon.
             The game lasted 00:00:40 (1797 turns).

kae the Ruffian (Draconian Transmuter)              Turns: 1797, Time: 00:00:41

Health: -3/28      AC:  5    Str: 12    XL:     3   Next: 83%
Magic:  10/15      EV: 12    Int: 15    God:
Gold:   92         SH:  0    Dex: 11    Spells: 2/6 levels left

rFire   . . .      SeeInvis .     - Unarmed
rCold   . . .      Faith    .   (no shield)
rNeg    . . .      Spirit   .   (body armour unavailable)
rPois   .          Reflect  .   (helmet restricted)
rElec   .          Harm     .   (no cloak)
rCorr   .          Rampage  .   (no gloves)
Will    .....                   (no boots)
Stlth   +.........              (no amulet)
HPRegen 0.09/turn               c - ring of magical power
MPRegen 0.14/turn               (no ring)

@: very slightly contaminated, slowed, very slow
A: AC +5, unfitting armour, cold-blooded
a: no special abilities


You were on level 2 of the Dungeon.
You visited 1 branch of the dungeon, and saw 2 of its levels.

You collected 92 gold pieces.

Inventory:

Jewellery
 c - a ring of magical power (left hand)
Scrolls
 b - a scroll of teleportation
Potions
 a - a potion of lignification
 d - 2 potions of degeneration {unknown}
 e - a potion of haste {unknown}
 f - a potion of magic {unknown}


   Skills:
 + Level 1.6 Fighting
 + Level 2.1 Dodging
 * Level 3.5 Unarmed Combat
 + Level 2.3 Spellcasting
 * Level 2.7 Transmutations
 * Level 0.6 Poison Magic


You had 2 spell levels left.
You knew the following spells:

 Your Spells              Type           Power      Damage    Failure   Level
a - Beastly Appendage     Tmut           20%        N/A       7%          1
b - Spider Form           Tmut/Pois      6%         N/A       32%         3

Your spell library contained the following spells:

 Spells                   Type           Power      Damage    Failure   Level
 Wereblood                Tmut           10%        N/A       11%         2
 Ice Form                 Ice/Tmut       5%         N/A       77%         4


Dungeon Overview and Level Annotations

Branches:
Dungeon (2/15)

Altars:

Annotations:
D:2 Natasha


Innate Abilities, Weirdness & Mutations

Your plain brown scales are hard. (AC +5)
You cannot fit into any form of body armour.
You are cold-blooded and may be slowed by cold attacks.


Message History

You kill the bat!
Natasha, Servant of Life and Death comes into view.
Natasha hisses angrily.
Natasha casts a spell at you. You resist with significant effort.
Natasha is nearby!
Natasha is nearby!
Natasha is nearby!
Casting: Beastly Appendage (safe; 7% risk of failure)
Confirm with . or Enter, or press ? or * to list all spells.
The spell is extremely dangerous to miscast (32% risk of failure)!
Continue anyway? [Y]es or [N]o only, please.
The spell is extremely dangerous to miscast (32% risk of failure)!
Continue anyway?
You miscast Spider Form.
You are very lightly contaminated with residual magic.
Multicoloured lights dance before your eyes.
Casting: Spider Form (extremely dangerous; 32% risk of failure)
Confirm with . or Enter, or press ? or * to list all spells.
The spell is extremely dangerous to miscast (32% risk of failure)!
Continue anyway? [Y]es or [N]o only, please.
The spell is extremely dangerous to miscast (32% risk of failure)!
Continue anyway?
You miscast Spider Form.
You feel odd!
You are poisoned.
You feel sick.
Natasha wildly gestures.
Natasha glows brightly for a moment.
Natasha stares at you and mumbles some strange words.
You feel yourself slow down.
You feel sick.
You feel sick.
Natasha stares at you and mumbles some strange words.
The magic dart hits you!
* * * LOW HITPOINT WARNING * * *
Natasha wildly gestures.
You feel troubled.
You feel sick.
You are no longer poisoned.
Natasha extends her claws.
Natasha attacks as you move away! Natasha claws you!
You die...

..#.# ##.#.###.#
##########
......#.###....##...
#.#.#.#........'..##
#.#.#.#..##....#####
#..####.#.#.#..##.........
#.........#.#..######.####
#.#####..h#.†..# #........
#.......#@#<.#.###....####
#######.#.......##....####
#........#.##...†........
#.####.#.#.##.######.####
#.#.#..... #.#. .
#.#.####... .....# #.#.#
####. #.#... #.#.# ..
..#... #.#.# ###.....


You could see Natasha.

Vanquished Creatures
  Jessica (D:2)
  2 dart slugs (D:1)
  3 ball pythons
  An endoplasm (D:1)
  A goblin (D:1)
  5 hobgoblins
  7 jackals (D:1)
  2 quokkas (D:1)
  2 bats
  A frilled lizard (D:1)
  3 kobolds (D:1)
  A rat (D:1)
29 creatures vanquished.

Notes
Turn   | Place    | Note
-------+----------+-------------------------------------------
     0 | D:1      | kae the Draconian Transmuter began the quest for the Orb.
     0 | D:1      | Reached XP level 1. HP: 16/16 MP: 3/3
    55 | D:1      | Reached XP level 2. HP: 9/23 MP: 3/5
  1019 | D:1      | Reached XP level 3. HP: 27/28 MP: 6/6
  1148 | D:1      | Learned a level 3 spell: Spider Form
  1615 | D:2      | Noticed Jessica
  1619 | D:2      | Killed Jessica
  1788 | D:2      | Noticed Natasha
  1797 | D:2      | Slain by Natasha

Illustrated notes

Levels and vault maps discovered:
D:1:      lightli_arrival_statue_moat, layout_basic,
          chequers_serial_rivers_micro_a, kennysheep_nondescript
D:2:      layout_basic, basic_ecumenical_altar, uniq_jessica, uniq_natasha

Skill      XL: |  1  2 |
---------------+-------+-----
Dodging        | 2 |  2.1
Fighting       | |  1.6
Unarmed Combat | |  3.5
Spellcasting   | |  2.3
Transmutations | |  2.7
Poison Magic   | |  0.6

Action                   || total
-------------------------++-------
Melee: Unarmed           ||    90
       Headbutt          ||     8
       Tailslap          ||    10
       Kick              ||     6
       Punch             ||     2
 Cast: Beastly Appendage ||    13
       Spider Form       ||     1
  Use: Scroll            ||     2
Armor: Skin              ||    32
Dodge: Dodged            ||    56

Table legend: (Time is in decaauts)
 A = Elapsed time spent in this place.
 B = Non-inter-level travel time spent in this place.
 C = Inter-level travel time spent in this place.
 D = Time resting spent in this place.
 E = Time spent auto-exploring this place.
 F = Levels seen in this place.
 G = Mean time per level.
                   A        B        C        D        E       F      G
               +--------+--------+--------+--------+--------+-----+--------+
         Total |   1793 |   1765 |     28 |    268 |   1282 |   2 |  896.5 |
       Dungeon |   1793 |   1765 |     28 |    268 |   1282 |   2 |  896.5 |
               +--------+--------+--------+--------+--------+-----+--------+

Top non-repeatable levels by time:
     D:1: 1575 daAuts
     D:2: 218 daAuts
